 Dungeon Crawl Stone Soup version 0.20.1-1-g8b1a95d (webtiles) character file.

44 digijack the Ducker (level 3, -3/22 HPs)
             Began as a Felid Berserker on Dec 17, 2017.
             Was a Believer of Trog.
             Slain by a gnoll
             ... wielding a +0 whip
              (7 damage)
             ... on level 2 of the Dungeon.
             The game lasted 00:07:47 (1479 turns).

digijack the Ducker (Felid Berserker)               Turns: 1479, Time: 00:07:48

Health: -3/22      AC:  1    Str: 18    XL:     3   Next: 39%
Magic:  4/4        EV: 19    Int:  8    God:    Trog [**....]
Gold:   55         SH:  0    Dex: 16    Spells: 2/2 levels left
                                        Lives:  0   Deaths: 0

rFire    . . .     SeeInvis +     - Unarmed
rCold    . . .     Gourm    .   (shield unavailable)
rNeg     . . .     Faith    .   (armour unavailable)
rPois    .         Spirit   .   (helmet unavailable)
rElec    .         Reflect  .   (cloak unavailable)
rCorr    .         Harm     .   (gloves unavailable)
MR       .....                  (boots unavailable)
Stlth    ..........             (no amulet)
Regen    0.1/turn               (no ring)
MPRegen  0.1/turn               (no ring)

@: berserking, very quick
A: no armour, no weapons or thrown items, stealth, claws 1, fangs 3, horns 1,
see invisible, carnivore 3, speed 1, frail 1, shaggy fur 1, slow metabolism 1,
sharp paws
a: Berserk, Trog's Hand, Burn Spellbooks, Renounce Religion


You were on level 2 of the Dungeon.
You worshipped Trog.
Trog was pleased with you.
You were very full.

You visited 1 branch of the dungeon, and saw 3 of its levels.

You collected 55 gold pieces.

Inventory:

Scrolls
 a - 2 scrolls of identify
 c - a scroll of teleportation
Comestibles
 b - 6 chunks of flesh


   Skills:
 + Level 3.2 Fighting
 + Level 4.2 Dodging
 * Level 3.3 Stealth
 + Level 3.2 Unarmed Combat


You had 2 spell levels left.
You didn't know any spells.

Dungeon Overview and Level Annotations

Branches:
Dungeon (3/15)

Altars:


Innate Abilities, Weirdness & Mutations

You cannot wear armour.
You are incapable of wielding weapons or throwing items.
Your paws allow you to move quietly. (Stealth)
You have sharp claws.
You have razor-sharp teeth.
You have supernaturally acute eyesight. (SInv)
You are carnivorous and can eat meat at any time.
You cover ground quickly.
You are covered in fur. (AC +1)
You have a slow metabolism.
Your sharp claws are effective at attacking unaware monsters.
You have a pair of small horns on your head.
You are frail. (-10% HP)


Message History

A red film seems to cover your vision as you go berserk!
You feel yourself moving faster!
You feel mighty!
The gnoll shouts!
You hear a shout! x2
The gnoll hits you with a whip! The gnoll misses you.
You closely miss the gnoll. You bite the gnoll!
The gnoll is severely wounded.
The gnoll barely misses you. x2; The gnoll misses you.
The gnoll completely misses you.
You scratch the gnoll.
You kill the gnoll!
Trog accepts your kill. The gnoll misses you.
You closely miss the gnoll.
The gnoll hits you from afar with a spear of piercing!
* * * LOW HITPOINT WARNING * * *
x2 The gnoll completely misses you.
You scratch the gnoll.
The gnoll is heavily wounded.
The gnoll hits you with a whip!
You die...

..# ##.#..#..##...........#
.####.# #..#.##..##.####.######
...#.# #.##.##.....## #.# .
#.#.#####g#..........# #.#
.##.................#..###.###
........g.####......#....)!..##
.......g.### #.g....#.........##
......##....##lg†..............#
..............g.@..............#
g..............................#
..g.!....g.......#.#...........#
.................#.............#
..................>...........##
...................%...........#
..l............................#
.........................##
..........>................


You could see 3 gnolls, a hobgoblin and a frilled lizard.

Vanquished Creatures
  A gnoll (D:2)
  An ooze (D:2)
  A dart slug (D:1)
  A giant cockroach (D:1)
  2 goblins
  5 hobgoblins
  2 jackals (D:2)
  A ball python (D:2)
  7 bats
  A frilled lizard (D:2)
  2 kobolds
  3 rats (D:1)
27 creatures vanquished.

Notes
Turn   | Place    | Note
-------+----------+-------------------------------------------
     0 | D:1      | digijack the Felid Berserker began the quest for the Orb.
     0 | D:1      | Reached XP level 1. HP: 10/10 MP: 2/2
   227 | D:1      | Gained mutation: You are frail. (-10% HP) [potion of mutation]
   227 | D:1      | Gained mutation: You have a pair of small horns on your head. [potion of mutation]
   380 | D:1      | Reached skill level 1 in Stealth
   380 | D:1      | Reached XP level 2. HP: 12/12 MP: 3/3
  1346 | D:2      | Reached XP level 3. HP: 15/15 MP: 4/4
  1349 | D:2      | Reached ** piety under Trog
  1479 | D:2      | Slain by a gnoll

Skill      XL: |  1  2  3 |
---------------+----------+-----
Stealth        | 1 2 3 |  3.3
Fighting       | |  3.2
Dodging        | |  4.2
Unarmed Combat | |  3.2

Action                   || total
-------------------------++-------
Melee: Unarmed           ||    51
       Bite              ||     6
       Headbutt          ||     4
       Punch             ||     2
Invok: Berserk           ||    13
  Use: Potion            ||     5
       Scroll            ||     4
 Stab: Sleeping          ||     1
  Eat: Chunk             ||    14
       Meat ration       ||     1
Armor: Skin              ||     3
Dodge: Dodged            ||    37
